 Dungeon Crawl Stone Soup version 0.30-a0-743-gbfdf073431 (webtiles) character file.

Game seed: 10793792674377626242

3 DEFE the Poker (level 1, 13/13 HPs)
             Began as a Demonspawn Wanderer on Feb 7, 2023.
             Was a High Priest of Ignis.
             Quit the game on level 1 of the Dungeon.
             The game lasted 00:00:22 (100 turns).

DEFE the Poker (Demonspawn Wanderer)                 Turns: 100, Time: 00:00:23

Health: 13/13      AC:  3    Str: 13    XL:     1   Next: 41%
Magic:  1/1        EV: 11    Int:  9    God:    Ignis [*****.]
Gold:   14         SH:  0    Dex: 15    Spells: 0/0 levels left

rFire   + . .      SeeInvis .    a - +0 trident
rCold   . . .      Faith    .    (no shield)
rNeg    . . .      Spirit   .    f - +0 leather armour
rPois   .          Reflect  .    (no helmet)
rElec   .          Harm     .    (no cloak)
rCorr   .          Rampage  .    (no gloves)
Will    .....                    (no boots)
Stlth   +                        (no amulet)
HPRegen 0.22/turn                (no ring)
MPRegen 0.07/turn                (no ring)

@: no status effects
A: no striking features
a: Renounce Religion, Fiery Armour, Foxfire Swarm, Rising Flame


You were on level 1 of the Dungeon.
You worshipped Ignis.
Ignis was extremely pleased with you.
You visited 1 branch of the dungeon, and saw 1 of its levels.

You collected 14 gold pieces.

Inventory:

Hand Weapons
 a - a +0 trident (weapon)
 b - a +0 short sword
 d - a +0 dagger
Missiles
 c - 8 boomerangs (quivered)
Armour
 f - a +0 leather armour (worn)
Scrolls
 e - a scroll of fog
 g - a scroll of identify {unknown}
Potions
 h - a potion of degeneration {unknown}


   Skills:
 - Level 1.0 Short Blades
 + Level 3.8 Polearms
 - Level 2.6 Throwing
 - Level 1.0 Dodging
 - Level 1.0 Stealth


You couldn't memorise any spells.
You didn't know any spells.
Your spell library contained the following spells:

 Spells                   Type           Power      Damage    Failure   Level
 Freeze                   Ice            0%         1d3       45%         1
 Tukima's Dance           Hex            0%         N/A       83%         3
 Passage of Golubria      Tloc           0%         N/A       99%         4
 Yara's Violent Unravell  Hex/Tmut       0%         3d3       100%        5


Dungeon Overview and Level Annotations

Branches:
Dungeon (1/15)

Altars:
Ignis


Message History

You reach to attack!
You barely miss the bat. The bat misses you.
The bat hits you but does no damage.
You reach to attack!
You hit the bat.
You kill the bat!
Health restored: 13 No target in view!
No target in view!
No target in view!
No target in view!
No target in view!
No target in view!
No target in view!
There is a faded altar of an unknown god here.
This altar belongs to (a) Jiyva, (b) Ignis or (c) Okawaru, but you can't tell which.
Press the corresponding letter to learn more about a god, or press enter to convert or escape to cancel.
Okay, then.
Unknown command.
Press < or > to pray at altars.
This altar belongs to (a) Jiyva, (b) Ignis or (c) Okawaru, but you can't tell which.
Press the corresponding letter to learn more about a god, or press enter to convert or escape to cancel.
Ignis accepts your prayer! Ignis welcomes you!
Unknown command.
Press < or > to pray at altars.
A dart slug comes into view.
A dart slug is nearby!
You reach to attack!
The helpless dart slug fails to defend itself.
You hit the dart slug.
You reach to attack!
You hit the dart slug but do no damage. You hit the dart slug.
The dart slug bites you.
You take 1 damage, and have 12/13 hp.
You hit the dart slug.
The dart slug bites you but does no damage.
You hit the dart slug.
You kill the dart slug!
Health restored: 13 No target in view!
No target in view!
No target in view!
No target in view!
No target in view!

#..#.#.....#.#..#
#.#.#.#####.#.#.#
#.#.#.#._.#.#.#.#
###.........^...^.#
#.................#
#.###.#.......#####
#.# #.#.#######
#...# #.#..#
#...... ..##@#
###.#.######†#
#.... ..# #####
####


There were no monsters in sight!

Vanquished Creatures
  A dart slug (D:1)
  A bat (D:1)
2 creatures vanquished.

Notes
Turn   | Place    | Note
-------+----------+-------------------------------------------
     0 | D:1      | DEFE the Demonspawn Wanderer began the quest for the Orb.
     0 | D:1      | DEFE set off with the following items: a +0 trident, a +0
                  | short sword, 8 boomerangs, a +0 dagger, a scroll of fog, a
                  | +0 leather armour.
     0 | D:1      | Reached XP level 1. HP: 13/13 MP: 1/1
    51 | D:1      | Found a faded altar of an unknown god.
    56 | D:1      | Got Plato's Tome of Snow
    88 | D:1      | Prayed at the altar of an unknown god.
    88 | D:1      | Became a worshipper of Ignis, the Dying Flame
   100 | D:1      | Quit the game

Illustrated notes

Levels and vault maps discovered:
D:1:      lemuel_arrival_hallway, layout_basic,
          shapermc_ecumenical_altar_rom_forum, serial_bayou_crossing

Action                     || total
---------------------------++-------
  Melee: Trident           ||    10
   Stab: Sleeping          ||     1
 Armour: Leather armour    ||     5
  Dodge: Dodged            ||     3

Table legend: (Time is in decaauts)
 A = Elapsed time spent in this place.
 B = Non-inter-level travel time spent in this place.
 C = Inter-level travel time spent in this place.
 D = Time resting spent in this place.
 E = Time spent auto-exploring this place.
 F = Levels seen in this place.
 G = Mean time per level.
                   A        B        C        D        E       F      G
               +--------+--------+--------+--------+--------+-----+--------+
         Total |    101 |    101 |      0 |      0 |     64 |   1 |  101.0 |
       Dungeon |    101 |    101 |      0 |      0 |     64 |   1 |  101.0 |
               +--------+--------+--------+--------+--------+-----+--------+

Top non-repeatable levels by time:
     D:1: 101 daAuts
